AoeStats
← TheAtani

Arabia

506695310Analyzed
1v1 RM · 17d ago on Sep 14, 2026· 42m 17s· 2 players
Game mode
Random Map
Map size
Tiny (2 player)
Population
200
Speed
Normal
Resources
Standard
Victory
Conquest
Starting age
Dark Age
Ending age
Imperial Age
RankedLock teamsTeams togetherTeam positionsShared explorationLock speedFull tech treeHidden civsTurbo modeCheats
Victory
Defeat
🇸🇪 Saracens · Sweden
888
+16
🇮🇳 Lithuanians · India
892
-16
flipster
2:40 Loom
11:16 Feudal Age
12:32 Double-Bit Axe
14:21 Horse Collar
15:18 Forging
15:01 Fletching
15:44 Padded Archer Armor
22:17 Castle Age
23:02 Forging
22:53 Scale Mail Armor
23:00 Gold Mining
23:00 Stone Mining
22:36 Pikeman
23:32 Squires
27:12 Wheelbarrow
27:56 Scale Barding Armor
29:22 Husbandry
31:27 Bow Saw
31:53 Bloodlines
34:25 Hand Cart
34:57 Iron Casting
36:03 Town Watch
36:58 Bimaristan
38:41 Gold Shaft Mining
38:08 Heavy Plow
39:37 Chain Barding Armor
39:39 Town Patrol
40:37 Arson
41:16 Bodkin Arrow
41:36 Leather Archer Armor
42:20 Sanctity
42:10 Fervor
42:50 Devotion
42:55 Atonement
TheAtani
6:11 Loom
10:56 Loom
12:53 Feudal Age
13:38 Feudal Age
13:11 Loom
18:32 Castle Age
17:00 Bloodlines
16:57 Scale Barding Armor
34:27 Chain Barding Armor
34:18 Forging
34:11 Husbandry
38:08 Iron Casting
37:26 Gold Mining
37:18 Horse Collar
42:04 Heavy Plow
Connection lost

Rejoining the realm…

Still unreachable

The connection could not be restored.

Session expired

The server has moved on; the page needs a fresh start.